 Dungeon Crawl Stone Soup version 0.31.0-32-g396128a36d (webtiles) character file.

Game seed: 14837644677778004336

900 Fractals the Changeling (level 7, -8/60 HPs)
             Began as a Pale Draconian Shapeshifter on Apr 11, 2024.
             Was an Initiate of Gozag.
             Mangled by a wyvern (9 damage)
             ... on level 7 of the Dungeon.
             The game lasted 00:09:33 (3884 turns).

Fractals the Changeling (DrSh)                      Turns: 3884, Time: 00:09:33

Health: -8/60      AC:  6    Str: 18    XL:     7   Next: 79%
Magic:  7/7        EV: 13    Int: 11    God:    Gozag
Gold:   198        SH:  0    Dex: 16    Spells: 6/6 levels left

rFire   . .          .
                       - Unarmed
rCold   + . .        (no shield)
rNeg    . . .        (body armour unavailable)
rPois   .            (helmet currently unavailable)
rElec   .            (cloak currently unavailable)
rCorr   .            v - melded +0 pair of gloves
SInv    .            g - melded +0 pair of boots
Will    .....        (no amulet)
Stlth   ++           i - ring of protection from cold
HPRegen 0.30/turn    u - +6 ring of dexterity
MPRegen 0.10/turn

%: no passive effects
@: beast-form
A: beast (slay +3), breathe steam, AC +6, unfitting armour, cold-blooded, steam
resistance
a: Breathe Steam, Begin Untransformation, Renounce Religion, Potion Petition,
Call Merchant, Bribe Branch


You were on level 7 of the Dungeon.
You worshipped Gozag.
Gozag was aware of your devotion.
You were a hulking beast.
You visited 1 branch of the dungeon, and saw 7 of its levels.

You collected 257 gold pieces.
You paid 59 gold pieces to Gozag.

Inventory:

Armour
 g - a +0 pair of boots (melded)
 v - a +0 pair of gloves (melded)
Jewellery
 i - a ring of protection from cold (left hand)
 u - a +6 ring of dexterity (right hand)
Talismans
 b - a beast talisman (active)
 c - a flux talisman
Wands
 q - a wand of digging (6)
Scrolls
 d - a scroll of enchant weapon
 f - a scroll of blinking
 h - a scroll of immolation {unknown}
 j - a scroll of brand weapon
 l - a scroll of teleportation
 o - a scroll of revelation {unknown}
 s - a scroll of amnesia {unknown}
 t - a scroll of vulnerability {unknown}
 x - a scroll of noise {unknown}
 y - a scroll of identify
Potions
 a - 3 potions of lignification
 e - a potion of magic {unknown}
 k - 2 potions of heal wounds
 m - a potion of brilliance {unknown}
 n - a potion of ambrosia {unknown}
 p - 2 potions of curing
 r - a potion of cancellation {unknown}
 w - a potion of haste {unknown}
 z - a potion of berserk rage {unknown}


   Skills:
 + Level 4.5 Fighting
 - Level 3.0 Dodging
 - Level 3.0 Stealth
 - Level 3.0 Unarmed Combat
 + Level 6.8 Shapeshifting


You had 6 spell levels left.
You didn't know any spells.
Your spell library contained the following spells:

 Spells                   Type           Power      Damage    Failure   Level
 Slow                     Hex            0%         N/A       34%         1
 Ensorcelled Hibernation  Hex/Ice        0%         N/A       47%         2
 Confusing Touch          Hex            0%         N/A       71%         3
 Fugue of the Fallen      Necr           0%         N/A       71%         3
 Gell's Gravitas          Tloc           0%         N/A       71%         3
 Sigil of Binding         Hex            0%         N/A       71%         3
 Teleport Other           Tloc           0%         N/A       71%         3
 Vampiric Draining        Necr           0%         2d6       71%         3
 Anguish                  Hex/Necr       0%         N/A       98%         4
 Dispersal                Tloc           0%         N/A       100%        6


Dungeon Overview and Level Annotations

Branches:
Dungeon (8/15)             Temple (0/1) D:7
   Lair: D:8-11

Altars:
Cheibriados
Dithmenos
Gozag
Kikubaaqudgha
Makhleb
Okawaru
Qazlal
Ru
Vehumet
Zin


Innate Abilities, Weirdness & Mutations

You are a hulking beast.
Your limbs bulge with bestial killing power. (Slay +3)
You can breathe blasts of scalding, opaque steam.
Your pale cyan-grey scales are hard. (AC +6)
You cannot fit into any form of body armour.
You are cold-blooded and may be slowed by cold attacks.
You are immune to the effects of steam.


Message History

The butterfly is distracted by your dazzling golden aura.
The butterfly is no longer distracted by gold.
Found a staircase to the Ecumenical Temple.
The wyvern hisses angrily.
The wyvern bites you.
You hit the wyvern but do no damage.
Your tail-slap misses the wyvern.
The wyvern bites you! The wyvern bites you.
You hit the wyvern but do no damage.
Your tail-slap misses the wyvern.
The wyvern bites you but does no damage.
You barely miss the wyvern. The wyvern bites you.
You closely miss the wyvern. The wyvern completely misses you.
The wyvern bites you.
You hit the wyvern. You tail-slap the wyvern.
The wyvern is moderately wounded.
The wyvern bites you!
You closely miss the wyvern.
Your tail-slap misses the wyvern.
The wyvern is moderately wounded.
The wyvern bites you but does no damage.
The wyvern bites you.
You hit the wyvern.
You tail-slap the wyvern, but do no damage.
Your punch misses the wyvern.
The wyvern is heavily wounded.
The wyvern closely misses you.
You hit the wyvern but do no damage.
The wyvern is heavily wounded.
The wyvern bites you. The wyvern bites you!
* * * LOW HITPOINT WARNING * * *
You hit the wyvern but do no damage.
The wyvern is heavily wounded.
The wyvern misses you.
You hit the wyvern but do no damage. You tail-slap the wyvern.
The wyvern is severely wounded.
The wyvern bites you!
* * * LOW HITPOINT WARNING * * *
You hit the wyvern but do no damage.
The wyvern is severely wounded.
The wyvern closely misses you. The wyvern bites you!
You die...
Your body crumbles into a pile of gold.

.##### #...... ##.......
#........ #......... #..........
#k......... #h....>b...
#.........## #
#########..........####### #####
#..................#......
##...###......##............#####
#.........######...........##
#.>......## #..........##
#...###### ##........## #####
##......##


You could see a wyvern.

Vanquished Creatures
  Eustachio (D:5)
  2 black bears (D:5)
  An orc warrior (D:5)
  A bullfrog (D:4)
  A howler monkey (D:2)
  A crimson imp (D:4)
  4 hounds
  2 jellies
  An orc wizard (D:5)
  4 adders
  A shadow imp (D:7)
  A white imp (D:4)
  3 dart slugs
  A ribbon worm (D:2)
  12 orcs
  8 endoplasms
  4 giant cockroaches
  6 goblins
  8 hobgoblins
  3 jackals (D:4)
  3 quokkas
  10 ball pythons
  A bat (D:1)
  2 frilled lizards
  6 kobolds
  4 rats
91 creatures vanquished.

Notes
Turn   | Place    | Note
-------+----------+-------------------------------------------
     0 | D:1      | Fractals the Draconian Shapeshifter began the quest for the
                  | Orb.
     0 | D:1      | Reached XP level 1. HP: 16/16 MP: 1/1
   201 | D:1      | Reached XP level 2. HP: 18/24 MP: 2/2
   685 | D:2      | Reached XP level 3. HP: 26/30 MP: 3/3
   948 | D:2      | Found a radiant altar of Vehumet.
  1221 | D:3      | Reached XP level 4. HP: 38/38 MP: 4/4
  1255 | D:3      | Reached skill level 4 in Shapeshifting
  1274 | D:2      | Reached skill level 1 in Stealth
  1438 | D:3      | Found an ancient bone altar of Kikubaaqudgha.
  1504 | D:3      | Reached XP level 5. HP: 45/45 MP: 5/5
  2195 | D:4      | Found a burning altar of Makhleb.
  2795 | D:4      | Reached skill level 5 in Shapeshifting
  2795 | D:4      | Reached XP level 6. HP: 44/51 MP: 6/6
  2857 | D:5      | Entered Level 5 of the Dungeon
  3129 | D:5      | Found an opulent altar of Gozag.
  3129 | D:5      | Found a stormy altar of Qazlal.
  3130 | D:5      | Found a shadowy altar of Dithmenos.
  3132 | D:5      | Found a glowing silver altar of Zin.
  3142 | D:5      | Became a worshipper of Gozag Ym Sagoz the Greedy
  3384 | D:5      | Found an iron altar of Okawaru.
  3392 | D:5      | Noticed Eustachio
  3528 | D:5      | Killed Eustachio
  3529 | D:5      | Reached skill level 6 in Shapeshifting
  3529 | D:5      | Your scales start taking on a pale cyan-grey colour.
  3529 | D:5      | Reached XP level 7. HP: 53/57 MP: 7/7
  3529 | D:5      | Gained mutation: You are immune to the effects of steam.
                  | [Pale Draconian growth]
  3552 | D:5      | Found a sacrificial altar of Ru.
  3728 | D:5      | You fall into a shaft and drop 3 floors!
  3750 | D:7      | Found a snail-covered altar of Cheibriados.
  3813 | D:7      | Noticed a wyvern
  3852 | D:7      | Found a staircase to the Ecumenical Temple.
  3883 | D:7      | HP: 1/60 [wyvern (9)]
  3884 | D:7      | Mangled by a wyvern

Illustrated notes

Levels and vault maps discovered:
D:1:      dpeg_arrival_round_a, layout_loops_ring
D:2:      kennysheep_big_flooded_room, layout_basic, basic_altar
D:3:      layout_rooms, kiku_gazebo_garden_becter
D:4:      layout_loops_ring, mainiacjoe_overflow_concentric_impassable,
          grunt_decor_resistance, minmay_misc_feat_ornament,
          minmay_misc_feat_plants, minmay_misc_feat_tiny, minmay_fire_ice_demons
D:5:      layout_basic, kennysheep_mini_moat, mainiacjoe_overflow_alcove_1,
          grunt_temple_overflow_open, grunt_decor_mini_mirrors, uniq_eustachio
D:7:      layout_rooms, lemuel_crystal_altar, mainiacjoe_overflow_chevrons,
          minmay_temple_entry_butterflies
D:8:      layout_basic, elyvilon_altar_1, due_lair_maze_entry_diamond,
          serial_shops, shop, serial_bayou_pond_b, uniq_maggie

Skill      XL: |  1  2  3  4  5  6  7 |
---------------+----------------------+-----
Fighting       | 2 3 4 |  4.5
Shapeshifting  | 4 5 6 |  6.8
Stealth        | 1 3 |  3.0
Dodging        | 2 3 |  3.0
Unarmed Combat | |  3.0

Action                     |  1- 3 |  4- 6 |  7- 9 || total
---------------------------+-------+-------+-------++-------
  Melee: Unarmed           |   102 |   176 |    46 ||   324
         Tailslap          |     9 |    31 |    10 ||    50
         Punch             |     2 |     6 |       ||     8
Ability: Breathe Steam     |       |       |     1 ||     1
    Use: Scroll            |     3 |     3 |       ||     6
   Stab: Sleeping          |     1 |     4 |       ||     5
         Distracted        |       |       |     1 ||     1
 Armour: Skin              |    39 |   121 |    26 ||   186
  Dodge: Dodged            |    51 |   127 |    21 ||   199
   Form: Beast             |     2 |     1 |       ||     3
                           |     1 |     1 |       ||     2
